cohdb
Replays
Latest Replays
All Replays
Popular Replays
Top Player Replays
Match Explorer
How It Works
Community
CoH3 Stats
Reddit
Sign in to upload your games and track your stats! →
Sign in with Steam
Match 42892216
Unlisted
Match 42892216
Overview
Messages
Build Orders
End
Scout Squad
Engineer Squad
Construct Weapon Support Center
Selects Heavy Weapons
M1919 Machine Gun Team
Engineer Squad
Bazooka Squad
Selects Assault Carriers
Infantry Support Center
Construct Medical Station
M3 Assault Carrier
Selects Exchangeable Parts
Engineer Squad
M1919 Machine Gun Team
Selects M2HB .50cal Heavy Machine Gun
Bazooka Squad
Engineer Squad
Construct Motor Pool
Selects Rapid Reposition
jdnebel
Trion
0
0
Comments
sign in to comment!
No comments posted yet!